 Dungeon Crawl Stone Soup version 0.23.2-1-ga50397a (webtiles) character file.

Game seed: 2923987805219290559

74 Fang the Skirmisher (level 4, -5/29 HPs)
             Began as a Gargoyle Berserker on May 17, 2019.
             Was a Believer of Trog.
             Killed from afar by Sigmund (6 damage)
             ... with a puff of flame
             ... while paralysed
             ... on level 3 of the Dungeon.
             The game lasted 00:01:32 (1591 turns).

Fang the Skirmisher (Gargoyle Berserker)            Turns: 1591, Time: 00:01:33

Health: -5/29      AC: 12    Str: 22    XL:     4   Next: 28%
Magic:  4/4        EV:  2    Int:  7    God:    Trog [**....]
Gold:   90         SH:  0    Dex:  9    Spells: 3/3 levels left

rFire    . . .     SeeInvis .   a - +0 hand axe
rCold    . . .     Gourm    .   (no shield)
rNeg     + . .     Faith    .   b - +0 chain mail
rPois    ∞         Spirit   .   (no helmet)
rElec    +         Reflect  .   (no cloak)
rCorr    .         Harm     .   (no gloves)
MR       .....                  (no boots)
Stlth    ..........             (no amulet)
HPRegen  0.09/turn              (no ring)
MPRegen  0.09/turn              (no ring)

@: paralysed, berserk cooldown, slowed
A: negative energy resistance 1, electricity resistance, unbreathing,
petrification resistance, rot immunity, AC +3
a: Berserk, Trog's Hand, Renounce Religion


You were on level 3 of the Dungeon.
You worshipped Trog.
Trog was pleased with you.
You were very hungry.

You visited 1 branch of the dungeon, and saw 3 of its levels.

You collected 90 gold pieces.

Inventory:

Hand Weapons
 a - a +0 hand axe (weapon)
Armour
 b - a +0 chain mail (worn)
Scrolls
 d - a scroll of fear {unknown}
 h - a scroll of random uselessness {unknown}
 l - a scroll of magic mapping {unknown}
 n - 4 scrolls of identify {unknown}
Potions
 e - a potion of invisibility {unknown}
 f - a potion of haste {unknown}
 g - a potion of cancellation {unknown}
 i - 2 potions of curing {unknown}
 j - a potion of heal wounds {unknown}
 k - a potion of agility {unknown}
 o - a potion of degeneration {unknown}
Comestibles
 c - 6 rations


   Skills:
 + Level 4.0 Fighting
 + Level 3.2 Axes
 + Level 3.0 Armour
 + Level 2.2 Dodging


You had 3 spell levels left.
You didn't know any spells.
Your spell library was empty.

Dungeon Overview and Level Annotations

Branches:
Dungeon (3/15)

Altars:
Kikubaaqudgha

Annotations:
D:3 Sigmund


Innate Abilities, Weirdness & Mutations

You are resistant to torment.
Your stone body is resilient. (AC +3)
You are immune to poison.
You resist negative energy. (rN+)
You are resistant to electric shocks. (rElec)
You can survive without breathing.
You are immune to petrification.
You are immune to rotting.


Message History

You hit something. You closely miss something.
You hear some strange, mumbled words.
A magic dart appears from out of thin air!
The magic dart hits you but does no damage.
You closely miss something. Something hits you but does no damage.
You barely miss something. You slash something! You closely miss something.
Something hits you.
* * * LOW HITPOINT WARNING * * *
You closely miss something. Something hits you but does no damage.
You slash something! You miss something.
You are no longer berserk.
You pass out from exhaustion.
You feel yourself slow down.
You hear some strange, mumbled words.
A puff of flame appears from out of thin air!
The puff of flame hits you.
You die...

##..........#########.####.#
.........##.............#..#
.......#.##############...#
.........## #.# ##..#
...⌠....... #.# ####..#
.#....≈≈≈≈.# #.# #.##..##.>.
.##...≈≈≈≈.. #.####........#
.##...≈≈≈≈..#
#{#.....#.......#
.#..≈≈≈≈≈≈.
#@..###....####..
.#.≈....≈.. #...# ####... .
.#._..)..⌠. #.### .#..
.#....##... #.# ......
.###### #.# ..# ###### .. ..
..## ... .## # .. .#


There were no monsters in sight!

Vanquished Creatures
  A killer bee zombie (D:2)
  An adder (D:2)
  An ooze (D:1)
  A dart slug (D:1)
  2 leopard geckos (D:1)
  A giant cockroach (D:1)
  8 goblins
  2 jackals (D:1)
  6 kobolds
  A quokka (D:2)
  4 bats
  4 frilled lizards
  6 rats
38 creatures vanquished.

Notes
Turn   | Place    | Note
-------+----------+-------------------------------------------
     0 | D:1      | Fang the Gargoyle Berserker began the quest for the Orb.
     0 | D:1      | Reached XP level 1. HP: 14/14 MP: 1/1
    60 | D:1      | Reached XP level 2. HP: 12/19 MP: 2/2
   425 | D:1      | Reached XP level 3. HP: 20/23 MP: 3/3
   958 | D:2      | Reached ** piety under Trog
   968 | D:2      | Reached XP level 4. HP: 16/29 MP: 4/4
  1254 | D:2      | Reached skill level 4 in Fighting
  1475 | D:3      | Found an ancient bone altar of Kikubaaqudgha.
  1538 | D:3      | Noticed Sigmund
  1580 | D:3      | HP: 1/43 [something (7)]
  1588 | D:3      | HP: 1/43 [something (1)]
  1591 | D:3      | Killed from afar by Sigmund

Skill      XL: |  1  2  3  4 |
---------------+-------------+-----
Axes           | 3 |  3.2
Dodging        | 2 |  2.2
Armour         | 3 |  3.0
Fighting       | 4 |  4.0

Action                   |  1- 3 |  4- 6 || total
-------------------------+-------+-------++-------
Melee: Hand axe          |    99 |    55 ||   154
Invok: Berserk           |     1 |     1 ||     2
  Eat: Chunk             |       |     3 ||     3
Armor: Animal skin       |    19 |       ||    19
       Chain mail        |    34 |    32 ||    66
Dodge: Dodged            |    80 |    17 ||    97
